 Dungeon Crawl Stone Soup version 0.22-a0-772-gac08f70 (webtiles) character file.

11 Amnesiac the Digger (level 2, 0/19 HPs)
             Began as a Demonspawn Earth Elementalist on July 17, 2018.
             Succumbed to an adder's poison
             ... on level 2 of the Dungeon.
             The game lasted 00:01:38 (114 turns).

Amnesiac the Digger (Demonspawn Earth Elementalist)  Turns: 114, Time: 00:01:38

Health: 0/19       AC:  2    Str:  8    XL:     2   Next: 17%
Magic:  0/5        EV: 12    Int: 16    God:
Gold:   32         SH:  0    Dex: 15    Spells: 4/5 levels left

rFire    . . .     SeeInvis .   a - +0 dagger
rCold    . . .     Gourm    .   (no shield)
rNeg     . . .     Faith    .   c - +0 robe
rPois    .         Spirit   .   (no helmet)
rElec    .         Reflect  .   (no cloak)
rCorr    .         Harm     .   (no gloves)
MR       .....                  (no boots)
Stlth    ++++......             (no amulet)
HPRegen  0.06/turn              g - ring of stealth
MPRegen  0.09/turn              (no ring)

@: lethally poisoned (0 -> -9), very slightly contaminated
A: thin skeletal structure 1
a: no special abilities


You were on level 2 of the Dungeon.
You were not hungry.

You visited 1 branch of the dungeon, and saw 2 of its levels.

You collected 32 gold pieces.

Inventory:

Hand Weapons
 a - a +0 dagger (weapon)
Missiles
 b - 23 stones (quivered)
 e - 8 curare-tipped needles
Armour
 c - a +0 robe (worn)
Jewellery
 g - a ring of stealth (left hand)
Comestibles
 d - 2 rations
 f - a chunk of flesh


   Skills:
 + Level 2.0 Dodging
 - Level 2.0 Stealth
 + Level 2.1 Spellcasting
   Level 0.8 Transmutations
 * Level 3.0 Earth Magic


You had 4 spell levels left.
You knew the following spells:

 Your Spells              Type           Power        Failure   Level  Hunger
a - Sandblast             Erth           ##....       6%          1    #......

Your spell library contained the following spells:

 Spells                   Type           Power        Failure   Level  Hunger
 Stone Arrow              Conj/Erth      #.....       32%         3    ###....
 Passwall                 Tmut/Erth      #.......     14%         2    ###....
 Lee's Rapid Deconstruct  Erth           ##........   86%         5    ######.
 Petrify                  Tmut/Erth      #.......     67%         4    #####..


Dungeon Overview and Level Annotations

Branches:
Dungeon (2/15)

Altars:
Kikubaaqudgha


Innate Abilities, Weirdness & Mutations

You have a somewhat thin skeletal structure. (Dex +2, Stealth)


Message History

b - 24 stones The goblin shouts!
The adder closely misses you. The adder barely misses you.
Casting: Sandblast (safe; 7% risk of failure)
Confirm with . or Enter, or press ? or * to list all spells.
You don't have enough magic to cast that spell.
Casting: Sandblast (safe; 7% risk of failure)
Confirm with . or Enter, or press ? or * to list all spells.
You don't have enough magic to cast that spell.
Casting: Sandblast (safe; 7% risk of failure)
Confirm with . or Enter, or press ? or * to list all spells.
You don't have enough magic to cast that spell.
You hit the adder but do no damage.
The adder is almost dead.
The adder bites you.
You are poisoned.
The adder poisons you! The adder barely misses you. The adder misses you.
You closely miss the adder.
The adder is almost dead.
You feel sick. The adder closely misses you. The adder barely misses you.
You miss the adder.
The adder is almost dead.
The adder bites you but does no damage. The adder bites you.
* * * LOW HITPOINT WARNING * * *
The adder misses you.
You barely miss the adder.
The adder is almost dead.
The adder closely misses you. x3
Unknown command.
You hit the adder.
You kill the adder!
Training target 2.0 for Stealth reached!
Your Dodging skill increases to level 2!
Your Stealth skill increases to level 2!
Your Earth Magic skill increases to level 3!
You have reached level 2!
Your demonic ancestry asserts itself...
Your bones become slightly less dense.
You feel sick. The adder misses you.
You aren't carrying any potions.
Really read
h - a scroll labeled WYGGOU ESAUL {!r}?
As you read the scroll labeled WYGGOU ESAUL {!r}, it crumbles to dust.
It is a scroll of identify.
You don't have any unidentified items.
The adder barely misses you. x2
The adder misses you.
You see here an adder corpse.
You feel sick. The adder bites you.
* * * LOW HITPOINT WARNING * * *
The adder bites you.
* * * LOW HITPOINT WARNING * * *
You are more poisoned.
The adder poisons you!
Found a stone staircase leading down.
Casting: Sandblast (safe; 6% risk of failure)
Confirm with . or Enter, or press ? or * to list all spells.
Aiming: Sandblast (safe; 6% risk of failure)
Press: ? - help, Shift-Dir - straight line, f/p - adder
Aim: an adder (moderately wounded)
The blast of sand hits the adder.
The adder is severely wounded.
b - 23 stones You die...

.. ### #........ ...
### #........
....#######....# #
..............####..
.#.................
#.......g.........##
#########..........#
#.......S....##.#
#........@....#
#................
####..........#.!
#..........# !
#............
##........###>
#........#
..........


You could see an adder and a goblin.

Vanquished Creatures
  An adder (D:2)
  A goblin (D:1)
  A bat (D:1)
3 creatures vanquished.

Notes
Turn   | Place    | Note
-------+----------+-------------------------------------------
     0 | D:1      | Amnesiac the Demonspawn Earth Elementalist began the quest for the Orb.
     0 | D:1      | Reached XP level 1. HP: 13/13 MP: 3/3
    97 | D:2      | Found an ancient bone altar of Kikubaaqudgha.
   107 | D:2      | Reached skill level 3 in Earth Magic
   107 | D:2      | Gained mutation: You have a somewhat thin skeletal structure. (Dex +2, Stealth) [demonic ancestry]
   107 | D:2      | Reached XP level 2. HP: 7/19 MP: 0/5
   114 | D:2      | Succumbed to an adder's poison

Vault maps used:
D:1:      dpeg_arrival_boxorama, xom_teletrap_fun
D:2:      lemuel_doored_altar, columned_hall_lemuel

Skill      XL: |  1 |
---------------+----+-----
Dodging        | 2 |  2.0
Stealth        | 2 |  2.0
Earth Magic    | 3 |  3.0
Spellcasting   | |  2.1
Transmutations | |  0.8

Action                   || total
-------------------------++-------
Melee: Dagger            ||     9
 Cast: Sandblast         ||     7
  Use: Scroll            ||     1
Armor: Robe              ||     5
Dodge: Dodged            ||    20

Table legend:
 A = Spawn XP
 B = Non-spawn XP
 C = Spawn XP percentage of total XP
 D = Spawn monster count
 E = Non-spawn monster count
 F = Spawn count percentage of total count
 G = Total turns spent on level
                    A         B        C        D         E        F      G
               +---------+---------+-------+---------+---------+-------+---------
         Total |       0 |      17 |   0.0 |       0 |       3 |   0.0 |   114
               +---------+---------+-------+---------+---------+-------+---------
           D:1 |       0 |       3 |   0.0 |       0 |       2 |   0.0 |    88
           D:2 |       0 |      14 |   0.0 |       0 |       1 |   0.0 |    26
               +---------+---------+-------+---------+---------+-------+---------
